PBL
TIJUANA TOROS @ CALGARY FLAMES
08/14/2045
 
TOP OF THE 1ST
Tijuana Toros batting - Pitching for Calgary Flames : RHP Sean Fowler
Pitching: RHP Sean Fowler
Batting: SHB Dave Reynoso 0-0: Called Strike
0-1: Ball
1-1: Swinging Strike
1-2: Foul Ball, location: 2F
1-2: Strikes out swinging
Batting: LHB Jay Fenderson 0-0: Ball
1-0: Ball
2-0: Foul Ball, location: 2F
2-1: Ball
3-1: Called Strike
3-2: Foul Ball, location: 2F
3-2: Strikes out swinging
Batting: LHB Cory Bowler 0-0: Ground out 4-3 (Groundball, 4M, EV 75.6 MPH)
Top of the 1st over - 0 runs, 0 hits, 0 errors, 0 left on base; Tijuana 0 - Calgary 0
BOTTOM OF THE 1ST
Calgary Flames batting - Pitching for Tijuana Toros : RHP Clyde Miller
Pitching: RHP Clyde Miller
Batting: RHB Elias Vences 0-0: Called Strike
0-1: Ball
1-1: Ball
2-1: Foul Ball, location: 2F
2-2: Ground out 6-3 (Groundball, 56, EV 104.4 MPH)
Batting: RHB Brian DeVoe 0-0: Foul Ball, location: 2F
0-1: Foul Ball, location: 2F
0-2: Ball
1-2: Foul Ball, location: 2F
1-2: Foul Ball, location: 2F
1-2: Ground out 5-3 (Groundball, 56S, EV 70.6 MPH)
Batting: RHB Eric McMillian 0-0: Ball
1-0: Called Strike
1-1: Ball
2-1: Ball
3-1: Base on Balls
Batting: LHB James McCauley 0-0: Called Strike
0-1: Swinging Strike
0-2: 2-RUN HOME RUN (Flyball, 9LD, EV 99.4 MPH), Distance : 374 ft
Batting: SHB Isaiah Scates 0-0: Called Strike
0-1: Ball
1-1: Swinging Strike
1-2: Ball
2-2: Fly out, F9 (Flyball, 9S, EV 81.2 MPH)
Bottom of the 1st over - 2 runs, 1 hit, 0 errors, 0 left on base; Tijuana 0 - Calgary 2
TOP OF THE 2ND
Tijuana Toros batting - Pitching for Calgary Flames : RHP Sean Fowler
Batting: RHB Juan Gallegos 0-0: Ball
1-0: Ball
2-0: Swinging Strike
2-1: Called Strike
2-2: Ball
3-2: Strikes out swinging
Batting: RHB Brad Brady 0-0: Ball
1-0: Ball
2-0: Ball
3-0: Called Strike
3-1: Ground out 6-3 (Groundball, 6, EV 76.2 MPH)
Batting: RHB Carlos Gonzalez 0-0: Swinging Strike
0-1: Called Strike
0-2: Ball
1-2: Ball
2-2: Strikes out swinging
Top of the 2nd over - 0 runs, 0 hits, 0 errors, 0 left on base; Tijuana 0 - Calgary 2
BOTTOM OF THE 2ND
Calgary Flames batting - Pitching for Tijuana Toros : RHP Clyde Miller
Batting: RHB Ryan Tatum 0-0: Ball
1-0: Fly out, F8 (Flyball, 8RD, EV 106.9 MPH)
Batting: RHB Kevin Davis 0-0: Foul Ball, location: 2F
0-1: Ball
1-1: Foul Ball, location: 2F
1-2: Foul Ball, location: 2F
1-2: Foul Ball, location: 2F
1-2: Foul Ball, location: 2F
1-2: Foul Ball, location: 2F
1-2: Foul Ball, location: 2F
1-2: Ball
2-2: Ball
3-2: Foul Ball, location: 2F
3-2: Ground out 4-3 (Groundball, 4, EV 83.1 MPH)
Batting: LHB Dean Luttman 0-0: Foul Ball, location: 2F
0-1: Ball
1-1: Bunted foul
1-2: Fly out, F7 (Flyball, 7D, EV 87.5 MPH)
Bottom of the 2nd over - 0 runs, 0 hits, 0 errors, 0 left on base; Tijuana 0 - Calgary 2
TOP OF THE 3RD
Tijuana Toros batting - Pitching for Calgary Flames : RHP Sean Fowler
Batting: SHB Jesus Gomez 0-0: Called Strike
0-1: Called Strike
0-2: Ball
1-2: Ball
2-2: Strikes out swinging
Batting: LHB Jim Jardine 0-0: Ball
1-0: Foul Ball, location: 2F
1-1: Ball
2-1: Swinging Strike
2-2: Strikes out swinging
Batting: RHB Riemer de Jonge 0-0: Called Strike
0-1: Foul Ball, location: 2F
0-2: Ball
1-2: Strikes out swinging
Top of the 3rd over - 0 runs, 0 hits, 0 errors, 0 left on base; Tijuana 0 - Calgary 2
BOTTOM OF THE 3RD
Calgary Flames batting - Pitching for Tijuana Toros : RHP Clyde Miller
Batting: RHB Alex Collazo 0-0: Ball
1-0: Ball
2-0: Ball
3-0: Base on Balls
Batting: RHB Elias Vences 0-0: Ball
1-0: Ball
2-0: Ball
Pickoff Throw by Catcher to First - Out!
3-0: Called Strike
3-1: Swinging Strike
3-2: Base on Balls
Batting: RHB Brian DeVoe 0-0: Ball
Elias Vences steals 2nd base
1-0: Ball
2-0: Ball
3-0: Base on Balls
Batting: RHB Eric McMillian 0-0: Ball
Elias Vences steals 3rd base
1-0: Foul Ball, location: 2F
1-1: Grounds into double play, 5-4-3 (Groundball, 56S, EV 81.9 MPH)
Bottom of the 3rd over - 0 runs, 0 hits, 0 errors, 1 left on base; Tijuana 0 - Calgary 2
TOP OF THE 4TH
Tijuana Toros batting - Pitching for Calgary Flames : RHP Sean Fowler
Batting: SHB Dave Reynoso 0-0: Ball
1-0: Swinging Strike
1-1: Ball
2-1: Called Strike
2-2: Strikes out swinging
Batting: LHB Jay Fenderson 0-0: Called Strike
0-1: Called Strike
0-2: Strikes out swinging
Batting: LHB Cory Bowler 0-0: Ball
1-0: Ball
2-0: Foul Ball, location: 2F
2-1: Ball
3-1: Called Strike
3-2: Ground out 6-3 (Groundball, 6M, EV 85.6 MPH)
Top of the 4th over - 0 runs, 0 hits, 0 errors, 0 left on base; Tijuana 0 - Calgary 2
BOTTOM OF THE 4TH
Calgary Flames batting - Pitching for Tijuana Toros : RHP Clyde Miller
Batting: LHB James McCauley 0-0: Foul Ball, location: 2F
0-1: Called Strike
0-2: Ball
1-2: Foul Ball, location: 2F
1-2: Ball
2-2: Foul Ball, location: 2F
2-2: Ball
3-2: Foul Ball, location: 2F
3-2: Base on Balls
Batting: SHB Isaiah Scates 0-0: Called Strike
0-1: Ball
1-1: Foul Ball, location: 2F
1-2: Ball
2-2: Foul Ball, location: 2F
2-2: Ball
3-2: Fly out, F9 (Line Drive, 9D, EV 83.1 MPH)
Batting: RHB Ryan Tatum 0-0: Called Strike
James McCauley steals 2nd base
0-1: Ball
1-1: Called Strike
1-2: Ball
2-2: Foul Ball, location: 2F
2-2: Fly out, F8 (Flyball, 89D, EV 95.6 MPH)
Batting: RHB Kevin Davis 0-0: Ground out 5-3 (Groundball, 5L, EV 103.8 MPH)
Bottom of the 4th over - 0 runs, 0 hits, 0 errors, 1 left on base; Tijuana 0 - Calgary 2
TOP OF THE 5TH
Tijuana Toros batting - Pitching for Calgary Flames : RHP Sean Fowler
Batting: RHB Juan Gallegos 0-0: Ball
1-0: Foul Ball, location: 2F
1-1: Ball
2-1: SINGLE (Line Drive, 89S, EV 106.2 MPH)
Batting: RHB Brad Brady 0-0: Foul Ball, location: 2F
0-1: Ball
1-1: Ball
2-1: Fly out, F8 (Flyball, 8RM, EV 97.5 MPH)
Batting: RHB Carlos Gonzalez 0-0: Ball
1-0: Swinging Strike
1-1: Swinging Strike
1-2: Ball
2-2: Strikes out swinging
Batting: SHB Jesus Gomez 0-0: Called Strike
0-1: Foul Ball, location: 2F
0-2: Strikes out swinging
Top of the 5th over - 0 runs, 1 hit, 0 errors, 1 left on base; Tijuana 0 - Calgary 2
BOTTOM OF THE 5TH
Calgary Flames batting - Pitching for Tijuana Toros : RHP Clyde Miller
Batting: LHB Dean Luttman 0-0: Swinging Strike
0-1: Ball
1-1: Swinging Strike
1-2: Ball
2-2: Ball
3-2: Foul Ball, location: 2F
3-2: Strikes out looking
Batting: RHB Alex Collazo 0-0: Ball
1-0: Foul Ball, location: 2F
1-1: Ball
2-1: Called Strike
2-2: Ball
3-2: SOLO HOME RUN (Flyball, 7D, EV 99.4 MPH), Distance : 397 ft
Batting: RHB Elias Vences 0-0: Ball
1-0: SINGLE (Flyball, 5D, EV 88.8 MPH)
Batting: RHB Brian DeVoe 0-0: Ball
1-0: Ball
Elias Vences steals 2nd, throwing error, E2
Elias Vences to third
2-0: Ball
3-0: Base on Balls
Batting: RHB Eric McMillian 0-0: Called Strike
0-1: Ball
1-1: SINGLE (Groundball, 56D, EV 100.6 MPH)
Elias Vences scores
Brian DeVoe to second
Batting: LHB James McCauley 0-0: Called Strike
0-1: Ball
1-1: Ball
2-1: Ball
3-1: Base on Balls
Brian DeVoe to third
Eric McMillian to second
Pitching: RHP Jason Baldwin
Batting: SHB Isaiah Scates 0-0: Ball
1-0: Fly out, F8 (Flyball, 89M, EV 87.5 MPH)
Runner from 3rd tags up, OUT at HOME! 8-2
Bottom of the 5th over - 2 runs, 3 hits, 1 error, 2 left on base; Tijuana 0 - Calgary 4
TOP OF THE 6TH
Tijuana Toros batting - Pitching for Calgary Flames : RHP Sean Fowler
Batting: LHB Jim Jardine 0-0: Ball
1-0: Ball
2-0: Fly out, F8 (Line Drive, 8RM, EV 90.6 MPH)
Batting: RHB Riemer de Jonge 0-0: Called Strike
0-1: Ball
1-1: Called Strike
1-2: Strikes out swinging
Batting: SHB Dave Reynoso 0-0: Ground out U3 (Groundball, 3L, EV 87.5 MPH)
Top of the 6th over - 0 runs, 0 hits, 0 errors, 0 left on base; Tijuana 0 - Calgary 4
BOTTOM OF THE 6TH
Calgary Flames batting - Pitching for Tijuana Toros : RHP Jason Baldwin
Batting: RHB Ryan Tatum 0-0: Called Strike
0-1: Foul Ball, location: 2F
0-2: Foul Ball, location: 2F
0-2: Ball
1-2: SINGLE (Line Drive, 9S, EV 93.1 MPH)
Batting: RHB Kevin Davis 0-0: Called Strike
Ryan Tatum steals 2nd base
0-1: Called Strike
0-2: Fly out, F5 (Flyball, 5D, EV 85.0 MPH)
Batting: LHB Dean Luttman 0-0: Called Strike
0-1: Foul Ball, location: 2F
0-2: Ball
1-2: Ball
2-2: Fly out, F8 (Flyball, 8RM, EV 88.1 MPH)
Batting: RHB Alex Collazo 0-0: Ball
1-0: Foul Ball, location: 2F
1-1: Ball
2-1: Ground out 4-3 (Groundball, 4, EV 96.9 MPH)
Bottom of the 6th over - 0 runs, 1 hit, 0 errors, 1 left on base; Tijuana 0 - Calgary 4
TOP OF THE 7TH
Tijuana Toros batting - Pitching for Calgary Flames : RHP Sean Fowler
Pitching: RHP Brice MacKenzie
Batting: LHB Jay Fenderson 0-0: SINGLE (Groundball, 56, EV 108.1 MPH)
Batting: LHB Cory Bowler 0-0: Foul Ball, location: 2F
0-1: Ball
Jay Fenderson is caught stealing 2nd base 2-6
1-1: Foul Ball, location: 2F
1-2: Ball
2-2: Ball
3-2: Strikes out swinging
Batting: RHB Juan Gallegos 0-0: Ground out 5-3 (Groundball, 56S, EV 65.6 MPH)
Top of the 7th over - 0 runs, 1 hit, 0 errors, 0 left on base; Tijuana 0 - Calgary 4
BOTTOM OF THE 7TH
Calgary Flames batting - Pitching for Tijuana Toros : RHP Jason Baldwin
Batting: RHB Elias Vences 0-0: Foul Ball, location: 2F
0-1: Fly out, F4 (Flyball, 34D, EV 81.2 MPH)
Batting: RHB Brian DeVoe 0-0: Ball
1-0: Foul Ball, location: 2F
1-1: Foul Ball, location: 2F
1-2: Foul Ball, location: 2F
1-2: Ball
2-2: Foul Ball, location: 2F
2-2: Foul Ball, location: 2F
2-2: Foul Ball, location: 2F
2-2: Foul Ball, location: 2F
2-2: Fly out, F6 (Popup, 6MS, EV 71.9 MPH)
Batting: RHB Eric McMillian 0-0: Ball
1-0: Foul Ball, location: 2F
1-1: Fly out, F9 (Flyball, 89D, EV 96.2 MPH)
Bottom of the 7th over - 0 runs, 0 hits, 0 errors, 0 left on base; Tijuana 0 - Calgary 4
TOP OF THE 8TH
Tijuana Toros batting - Pitching for Calgary Flames : RHP Brice MacKenzie
Pitching: RHP Colin Dorsey
Batting: RHB Brad Brady 0-0: Called Strike
0-1: Foul Ball, location: 2F
0-2: Ball
1-2: Ground out 1-3 (Groundball, 15, EV 61.2 MPH)
Pinch Hitting: LHB Fernão Manta 0-0: Called Strike
0-1: Called Strike
0-2: Ball
1-2: Foul Ball, location: 2F
1-2: Ball
2-2: Foul Ball, location: 2F
2-2: Ball
3-2: Foul Ball, location: 2F
3-2: Ground out 4-3 (Groundball, 4, EV 81.9 MPH)
Batting: SHB Jesus Gomez 0-0: Ball
1-0: Swinging Strike
1-1: SOLO HOME RUN (Flyball, 9D, EV 95.6 MPH), Distance : 369 ft
Batting: LHB Jim Jardine 0-0: Foul Ball, location: 2F
0-1: Foul Ball, location: 2F
0-2: Strikes out swinging
Top of the 8th over - 1 run, 1 hit, 0 errors, 0 left on base; Tijuana 1 - Calgary 4
BOTTOM OF THE 8TH
Calgary Flames batting - Pitching for Tijuana Toros : RHP Jason Baldwin
Now at 1B: Fernão Manta
Batting: LHB James McCauley 0-0: Called Strike
0-1: Ball
1-1: Called Strike
1-2: SINGLE (Line Drive, 89S, EV 93.8 MPH)
Batting: SHB Isaiah Scates 0-0: Ball
1-0: Foul Ball, location: 2F
1-1: Foul Ball, location: 2F
1-2: Foul Ball, location: 2F
1-2: Ball
2-2: Ball
3-2: Foul Ball, location: 2F
3-2: Base on Balls
James McCauley to second
Batting: RHB Ryan Tatum 0-0: Grounds into double play, 6-4-3 (Groundball, 56, EV 94.4 MPH)
James McCauley to third
Batting: RHB Kevin Davis 0-0: Swinging Strike
0-1: Ball
1-1: Swinging Strike
1-2: Strikes out looking
Bottom of the 8th over - 0 runs, 1 hit, 0 errors, 1 left on base; Tijuana 1 - Calgary 4
TOP OF THE 9TH
Tijuana Toros batting - Pitching for Calgary Flames : RHP Colin Dorsey
Pitching: LHP Manny Santiago
Batting: RHB Riemer de Jonge 0-0: Swinging Strike
0-1: Foul Ball, location: 2F
0-2: Ball
1-2: Strikes out swinging
Batting: SHB Dave Reynoso 0-0: Ball
1-0: Foul Ball, location: 2F
1-1: Foul Ball, location: 2F
1-2: Strikes out swinging
Batting: LHB Jay Fenderson 0-0: Foul Ball, location: 2F
0-1: Ball
1-1: Ball
2-1: Called Strike
2-2: SINGLE (Groundball, 6MS, EV 63.1 MPH) (infield hit)
Batting: LHB Cory Bowler 0-0: Ball
1-0: Foul Ball, location: 2F
1-1: Foul Ball, location: 2F
1-2: Ball
2-2: SINGLE (Flyball, 8LS, EV 88.8 MPH)
Jay Fenderson to second
Batting: RHB Juan Gallegos 0-0: Ball
1-0: Ball
2-0: Ball
3-0: Called Strike
3-1: Base on Balls
Jay Fenderson to third
Cory Bowler to second
Batting: RHB Brad Brady 0-0: Ball
1-0: Called Strike
1-1: Foul Ball, location: 2F
1-2: Ball
2-2: TRIPLE (Flyball, 78XD, EV 112.5 MPH)
Jay Fenderson scores
Cory Bowler scores
Juan Gallegos scores
Pinch Hitting: RHB Francisco de la Cruz 0-0: Intentional Walk
Pinch Hitting: RHB Tommy Hunter 0-0: SINGLE (Groundball, 56D, EV 98.1 MPH)
Brad Brady scores
Francisco de la Cruz to second
Pinch Runner at 2nd Javy Franco:
Batting: LHB Jim Jardine 0-0: Swinging Strike
0-1: Called Strike
0-2: Ball
1-2: Strikes out looking
Top of the 9th over - 4 runs, 4 hits, 0 errors, 2 left on base; Tijuana 5 - Calgary 4
BOTTOM OF THE 9TH
Calgary Flames batting - Pitching for Tijuana Toros : RHP Jason Baldwin
Now at 1B: Tommy Hunter
Now in LF: Javy Franco
Batting: LHB Dean Luttman 0-0: Ball
1-0: Swinging Strike
1-1: Foul Ball, location: 2F
1-2: Ball
2-2: Ball
3-2: Base on Balls
Pinch Hitting: LHB Carlos Cuellar 0-0: Ball
1-0: Called Strike
1-1: Ball
2-1: Foul Ball, location: 2F
2-2: Fly out, F8 (Line Drive, 8LD, EV 101.2 MPH)
Pitching: RHP Makoto Narita
Batting: RHB Elias Vences 0-0: Called Strike
0-1: Ball
1-1: Fly out, F3 (Popup, 3SF, EV 83.1 MPH)
Batting: RHB Brian DeVoe 0-0: Ball
1-0: SINGLE (Groundball, 4MD, EV 98.8 MPH)
Dean Luttman to second
Runner from 2nd tries for 3rd, SAFE, throw by CF made to third
Batting: RHB Eric McMillian 0-0: Ball
1-0: Called Strike
1-1: Ball
2-1: Ball
Wild Pitch!
Dean Luttman scores
Brian DeVoe to second
3-1: Foul Ball, location: 2F
3-2: Base on Balls
Batting: LHB James McCauley 0-0: Fly out, F8 (Line Drive, 8RM, EV 94.4 MPH)
Bottom of the 9th over - 1 run, 1 hit, 0 errors, 2 left on base; Tijuana 5 - Calgary 5
TOP OF THE 10TH
Tijuana Toros batting - Pitching for Calgary Flames : LHP Manny Santiago
Now at 3B: Mike MacLeod
Now at SS: Brian DeVoe
Batting: RHB Riemer de Jonge 0-0: Called Strike
0-1: Ball
1-1: Swinging Strike
1-2: Strikes out swinging
Pitching: LHP Ricardo de la Torre
Batting: SHB Dave Reynoso 0-0: Called Strike
0-1: Ball
1-1: Called Strike
1-2: Strikes out looking
Batting: LHB Jay Fenderson 0-0: Ball
1-0: Foul Ball, location: 2F
1-1: Called Strike
1-2: Ball
2-2: Foul Ball, location: 2F
2-2: Foul Ball, location: 2F
2-2: Ball
3-2: Ground out U3 (Groundball, 34, EV 83.1 MPH)
Top of the 10th over - 0 runs, 0 hits, 0 errors, 0 left on base; Tijuana 5 - Calgary 5
BOTTOM OF THE 10TH
Calgary Flames batting - Pitching for Tijuana Toros : RHP Makoto Narita
Batting: SHB Isaiah Scates 0-0: Ball
1-0: Ball
2-0: Ground out 5-3 (Groundball, 56S, EV 70.6 MPH)
Batting: RHB Ryan Tatum 0-0: Called Strike
0-1: Ball
1-1: Ground out 4-3 (Groundball, 4, EV 101.9 MPH)
Batting: RHB Kevin Davis 0-0: Ball
1-0: Swinging Strike
1-1: Foul Ball, location: 2F
1-2: Single, Error in OF, E7, batter to second base (Groundball, 6D, EV 93.8 MPH)
Batting: LHB Dean Luttman 0-0: Called Strike
0-1: Swinging Strike
0-2: Fly out, F8 (Line Drive, 8LM, EV 95.0 MPH)
Bottom of the 10th over - 0 runs, 1 hit, 1 error, 1 left on base; Tijuana 5 - Calgary 5
TOP OF THE 11TH
Tijuana Toros batting - Pitching for Calgary Flames : LHP Ricardo de la Torre
Batting: LHB Cory Bowler 0-0: Swinging Strike
0-1: Foul Ball, location: 2F
0-2: Strikes out swinging
Batting: RHB Juan Gallegos 0-0: Ball
1-0: Swinging Strike
1-1: Ball
2-1: Ball
3-1: SINGLE (Flyball, 7LS, EV 85.6 MPH)
Batting: RHB Brad Brady 0-0: Ball
1-0: Foul Ball, location: 2F
1-1: Called Strike
1-2: Ball
2-2: Ball
3-2: Foul Ball, location: 2F
3-2: Base on Balls
Juan Gallegos to second
Pitching: LHP Bill Hussey
Batting: SHB Javy Franco 0-0: DOUBLE (Line Drive, 3D, EV 95.6 MPH)
Juan Gallegos scores
Brad Brady to third
Batting: RHB Tommy Hunter 0-0: Intentional Walk
Batting: LHB Jim Jardine 0-0: Ball
1-0: Swinging Strike
1-1: Called Strike
1-2: Strikes out swinging
Batting: RHB Riemer de Jonge 0-0: Foul Ball, location: 2F
0-1: Called Strike
0-2: Strikes out swinging
Top of the 11th over - 1 run, 2 hits, 0 errors, 3 left on base; Tijuana 6 - Calgary 5
BOTTOM OF THE 11TH
Calgary Flames batting - Pitching for Tijuana Toros : RHP Makoto Narita
Batting: RHB Mike MacLeod 0-0: Ball
1-0: Ground out 5-3 (Groundball, 56, EV 107.5 MPH)
Batting: RHB Elias Vences 0-0: Called Strike
0-1: Ball
1-1: SOLO HOME RUN (Flyball, 7D, EV 107.5 MPH), Distance : 410 ft
Batting: RHB Brian DeVoe 0-0: Ball
1-0: Ball
2-0: Called Strike
2-1: Ball
3-1: Base on Balls
Batting: RHB Eric McMillian 0-0: Called Strike
Brian DeVoe steals 2nd base
0-1: Ball
1-1: Ball
2-1: Ball
3-1: Base on Balls
Batting: LHB James McCauley 0-0: Foul Ball, location: 2F
0-1: Ball
1-1: Foul Ball, location: 2F
1-2: Ball
2-2: Ball
3-2: 3-RUN HOME RUN (Flyball, 9D, EV 96.9 MPH), Distance : 374 ft
Bottom of the 11th over - 4 runs, 2 hits, 0 errors, 0 left on base; Tijuana 6 - Calgary 9
Game Over ... Calgary defeats Tijuana, 9 to 6
Wednesday, June 22nd , 2022 - OOTP Baseball 23.4 Build 64